 Dungeon Crawl Stone Soup version 0.31-a0-219-g8d62b2e7bb (webtiles) character file.

Game seed: 11314617308805322386

1456 Zonian the Magician (level 8, -2/37 (41) HPs)
             Began as a Deep Elf Ice Elementalist on July 4, 2023.
             Slain by a wight
             ... wielding a +3 falchion
              (3 damage)
             ... on level 7 of the Dungeon.
             The game lasted 00:19:49 (9551 turns).

Zonian the Magician (Deep Elf Ice Elementalist)     Turns: 9551, Time: 00:19:50

HP:   -2/37 (41)    AC: 14    Str:  5    XL:     8   Next: 47%
MP:   15/21         EV: 14    Int: 23    God:
Gold: 365           SH:  0    Dex: 15    Spells: 11/22 levels left

rFire   . . .        j - +0 short sword (spect)
rCold   . . .        (no shield)
rNeg    . . .        a - +0 robe
rPois   +            v - +2 hat
rElec   .            (no cloak)
rCorr   +            g - +1 pair of gloves
SInv    .            (no boots)
Will    .....        (no amulet)
Stlth   +++          z - ring of poison resistance
HPRegen 0.26/turn    w - ring of resist corrosion
MPRegen 0.17/turn

%: no passive effects
@: ice-armoured, freezing walls, drained
A: no striking features
a: no special abilities


You were on level 7 of the Dungeon.
You visited 2 branches of the dungeon, and saw 8 of its levels.
You also visited: Sewer.

You collected 365 gold pieces.

Inventory:

Hand Weapons
 j - a +0 spectral short sword (weapon)
 y - a +0 sling
Missiles
 h - 10 atropa-tipped darts
 n - 3 boomerangs
 p - 24 poisoned darts
Armour
 a - a +0 robe (worn)
 g - a +1 pair of gloves (worn)
 v - a +2 hat (worn)
Jewellery
 w - a ring of resist corrosion (right hand)
 z - a ring of poison resistance (left hand)
Wands
 o - a wand of mindburst (2)
Scrolls
 e - 2 scrolls of silence
 f - 2 scrolls of immolation
 i - 2 scrolls of blinking
 k - a scroll of fog
 x - 2 scrolls of teleportation
Potions
 b - a potion of magic
 c - 3 potions of brilliance
 d - a potion of might
 l - 2 potions of attraction
 m - 2 potions of invisibility {unknown}
 q - a potion of mutation {unknown}
 r - a potion of resistance {unknown}
 s - a potion of heal wounds
 t - a potion of degeneration {unknown}
 u - 2 potions of haste {unknown}
 A - 2 potions of curing


   Skills:
 - Level 5.7 Dodging
 - Level 6.3 Stealth
 + Level 7.8 Spellcasting
 + Level 3.2 Summonings
 + Level 7.5 Ice Magic


You had 11 spell levels left.
You knew the following spells:

 Your Spells              Type           Power      Damage    Failure   Level
a - Freeze                Ice            100%       1d10      1%          1
b - Frozen Ramparts       Ice            86%        1d13      1%          3
c - Ozocubu's Armour      Ice            43%        N/A       1%          3
d - Summon Ice Beast      Ice/Summ       33%        N/A       8%          4

Your spell library contained the following spells:

 Spells                   Type           Power      Damage    Failure   Level
 Beastly Appendage        Tmut           16%        N/A       7%          1
 Wereblood                Tmut           8%         N/A       11%         2
 Spider Form              Tmut/Pois      8%         N/A       22%         3
 Volatile Blastmotes      Fire/Tloc      16%        2d11      22%         3
 Fulminant Prism          Conj/Hex       4%         3d5       56%         4
 Iskenderun's Mystic Bla  Conj/Tloc      8%         2d4       56%         4
 Lee's Rapid Deconstruct  Erth           4%         3d5*      89%         5


Dungeon Overview and Level Annotations

Branches:
Dungeon (7/15)             Temple (1/1) D:4           Sewer (visited)

Altars:
Ashenzari
Cheibriados
Dithmenos
Elyvilon
Kikubaaqudgha
Makhleb
Nemelex Xobeh
Okawaru
Qazlal
Ru
Sif Muna
Trog
Vehumet
Wu Jian
Xom
Yredelemnul
The Shining One

Annotations:
D:3 Sigmund
D:5 Dowan, Duvessa


Message History

The wight hits you with a +3 falchion.
You hit the wight.
The wight is severely damaged.
Your +0 spectral short sword closely misses the wight.
The wall freezes the wight but does no damage.
The wight closely misses you.
You completely miss the wight.
The wight is severely damaged.
Your +0 spectral short sword hits the wight but does no damage.
The wight resists.
The wall freezes the wight.
The wight hits you but does no damage.
Unknown command.
You hit the wight but do no damage.
The wight is severely damaged.
Your +0 spectral short sword barely misses the wight.
The wight resists.
The wall freezes the wight.
The wight hits you with a +3 falchion.
You barely miss the wight.
The wight is almost destroyed.
Your +0 spectral short sword hits the wight but does no damage.
The wight resists.
The wall freezes the wight.
The wight hits you but does no damage.
Unknown command.
You hit the wight but do no damage.
The wight is almost destroyed.
Your +0 spectral short sword hits the wight but does no damage.
The wight resists.
The wall freezes the wight.
The wight hits you with a +3 falchion.
* * * LOW HITPOINT WARNING * * *
You feel drained.
* * * LOW HITPOINT WARNING * * *
You hit the wight but do no damage.
The wight is almost destroyed.
Your +0 spectral short sword hits the wight but does no damage.
The wight completely resists.
The wall freezes the wight but does no damage.
The wight hits you with a +3 falchion!
* * * LOW HITPOINT WARNING * * *
You feel drained.
You die...

#....##...# ......#
##........#######......#
.#........#............#
.#........#......###+###
.#........#......#
.#........#......#
.#...##...#......#
.#...####'#....(z#
.#...#....#.....@#
.###'##...#......#
.....[#...#......#
......#...#......#
......#...#......#
#.....##'##......#
#................#
#..........##+####
#..........#


You could see a wight and a friendly +0 spectral short sword.

Vanquished Creatures
  3 black bears (D:6)
  An ogre (D:5)
  4 kobold brigands (Sewer)
  A bullfrog (D:6)
  2 scorpions
  A wight (D:7)
  A hound (D:5)
  A jelly (D:5)
  5 iguanas
  Jessica (D:2)
  6 orc wizards
  8 adders
  2 river rats (Sewer)
  A white imp (D:5)
  2 ufetubi
  4 worms
  13 orcs
  11 ball pythons
  2 endoplasms
  4 giant cockroaches (D:4)
  6 goblins
  5 hobgoblins
  2 jackals (Sewer)
  11 kobolds
  3 quokkas
  8 bats
  4 frilled lizards
  8 rats
  A butterfly (D:4)
121 creatures vanquished.

Notes
Turn   | Place    | Note
-------+----------+-------------------------------------------
     0 | D:1      | Zonian the Deep Elf Ice Elementalist began the quest for
                  | the Orb.
     0 | D:1      | Reached XP level 1. HP: 10/10 MP: 6/6
   279 | D:1      | Reached XP level 2. HP: 15/15 MP: 6/8
  1188 | D:2      | Reached XP level 3. HP: 19/19 MP: 10/10
  1195 | D:2      | Learned a level 3 spell: Frozen Ramparts
  1251 | D:2      | Noticed Jessica
  1281 | D:2      | Killed Jessica
  1386 | D:2      | Noticed a scorpion
  1538 | D:2      | Reached XP level 4. HP: 24/24 MP: 7/11
  1811 | D:2      | Reached skill level 5 in Ice Magic
  2082 | D:2      | Killed a scorpion
  2083 | D:2      | Reached XP level 5. HP: 28/28 MP: 7/13
  2203 | D:2      | Learned a level 3 spell: Ozocubu's Armour
  3111 | D:3      | Noticed Sigmund
  3486 | D:4      | Found a staircase to the Ecumenical Temple.
  3497 | Temple   | Entered the Ecumenical Temple
  3743 | D:4      | Found a glowing drain.
  3757 | Sewer    | Entered a sewer
  3796 | Sewer    | HP: 1/28 [kobold brigand/+0 club (6)]
  3798 | Sewer    | Reached XP level 6. HP: 1/32 MP: 6/15
  4128 | Sewer    | Reached skill level 5 in Spellcasting
  4358 | Sewer    | Reached skill level 5 in Stealth
  4822 | Sewer    | Reached skill level 5 in Dodging
  4822 | Sewer    | Reached XP level 7. HP: 36/36 MP: 13/17
  5873 | D:4      | Found a basalt altar of Yredelemnul.
  5875 | D:4      | Found a shimmering altar of Xom.
  6303 | D:5      | Entered Level 5 of the Dungeon
  7047 | D:5      | Found a glowing golden altar of the Shining One.
  7200 | D:5      | Learned a level 4 spell: Summon Ice Beast
  7226 | D:5      | Found a bloodstained altar of Trog.
  7405 | D:5      | Found a broken altar of Ashenzari.
  7446 | D:5      | Noticed Duvessa
  7446 | D:5      | Noticed Dowan
  7744 | D:6      | Reached skill level 1 in Summonings
  7801 | D:6      | Reached XP level 8. HP: 20/41 MP: 17/20
  8266 | D:6      | Identified the +5 dagger of Fate {speed, rElec Int+3}
  8575 | D:6      | Found a shadowy altar of Dithmenos.
  9551 | D:7      | HP: 1/38 [wight/+3 falchion (10)]
  9551 | D:7      | Slain by a wight

Illustrated notes

Levels and vault maps discovered:
D:1:      heliophobic_arrival_ceremonial_halls, layout_basic
D:2:      layout_basic, minmay_crystal_water, uniq_jessica
D:3:      layout_basic, mainiacjoe_overflow_alcove_2, uniq_sigmund
D:4:      layout_loops_corners, nicolae_overflow_hidden_temple,
          minmay_temple_entry_butterflies, portal_sewer_entry_f,
          nrook_mini_vaults, minmay_bisected
D:5:      layout_basic, mainiacjoe_overflow_boulevard, bloody_trog,
          lemuel_tele_altar, minmay_misc_feat_alley, uniq_duvessa
D:6:      layout_basic, nicolae_dithmenos_the_darkroom
D:7:      layout_gridville, hangedman_abyss_or_decor_stabs
Temple:   grunt_temple_mini_profane

Skill      XL: |  1  2  3  4  5  6  7  8 |
---------------+-------------------------+-----
Stealth        | 3 4 5 6 |  6.3
Dodging        | 3 4 5 |  5.7
Spellcasting   | 4 5 7 |  7.8
Ice Magic      | 5 6 7 |  7.5
Summonings     | 1 3 |  3.2

Action                     |  1- 3 |  4- 6 |  7- 9 || total
---------------------------+-------+-------+-------++-------
  Melee: Unarmed           |     8 |       |       ||     8
         Short sword       |     7 |    54 |   129 ||   190
         Punch             |       |     1 |     3 ||     4
  Throw: Dart              |     1 |     1 |     2 ||     4
         Boomerang         |       |     1 |       ||     1
   Cast: Freeze            |    44 |    30 |     3 ||    77
         Frozen Ramparts   |       |    17 |    24 ||    41
         Ozocubu's Armour  |       |       |     2 ||     2
  Evoke: Wand              |       |       |     1 ||     1
    Use: Scroll            |     5 |     1 |     8 ||    14
         Potion            |       |     3 |       ||     3
   Stab: Sleeping          |     1 |     2 |     5 ||     8
         Distracted        |       |       |     2 ||     2
 Armour: Robe              |     9 |    18 |    22 ||    49
  Dodge: Dodged            |    42 |    54 |    84 ||   180

Table legend: (Time is in decaauts)
 A = Elapsed time spent in this place.
 B = Non-inter-level travel time spent in this place.
 C = Inter-level travel time spent in this place.
 D = Time resting spent in this place.
 E = Time spent auto-exploring this place.
 F = Levels seen in this place.
 G = Mean time per level.
                   A        B        C        D        E       F      G
               +--------+--------+--------+--------+--------+-----+--------+
         Total |   9685 |   9443 |    242 |   2687 |   4724 |   9 | 1076.1 |
       Dungeon |   8111 |   7869 |    242 |   1893 |   4368 |   7 | 1158.7 |
        Temple |    211 |    211 |      0 |      0 |    140 |   1 |  211.0 |
         Sewer |   1362 |   1362 |      0 |    794 |    216 |   1 | 1362.0 |
               +--------+--------+--------+--------+--------+-----+--------+

Top non-repeatable levels by time:
     D:4: 1605 daAuts
     D:6: 1401 daAuts
   Sewer: 1362 daAuts
     D:5: 1249 daAuts
     D:2: 1180 daAuts
     D:1: 1168 daAuts
     D:3: 1091 daAuts
     D:7: 414 daAuts
  Temple: 211 daAuts
